 Dungeon Crawl Stone Soup version 0.27-a0-1191-g601b473118 (webtiles) character file.

Game seed: 16322136247418730192

212 bobarctor the Magician (level 5, 0/28 HPs)
             Began as a Deep Elf Hedge Wizard on May 6, 2021.
             Killed from afar by a steam dragon (28 damage)
             ... with a ball of steam
             ... on level 4 of the Dungeon on May 24, 2021.
             The game lasted 00:16:06 (3818 turns).

bobarctor the Magician (Deep Elf Hedge Wizard)      Turns: 3818, Time: 00:16:07

Health: 0/28       AC:  2    Str:  7    XL:     5   Next: 58%
Magic:  11/16      EV: 13    Int: 20    God:
Gold:   134        SH:  0    Dex: 20    Spells: 7/18 levels left

rFire    . . .     SeeInvis .   g - +1 dagger (venom)
rCold    . . .     Faith    .   (no shield)
rNeg     . . .     Spirit   .   b - +0 robe
rPois    .         Reflect  .   c - +0 hat
rElec    .         Harm     .   (no cloak)
rCorr    .         Rampage  .   (no gloves)
Will     .....                  (no boots)
Stlth    +++.......             (no amulet)
HPRegen  0.09/turn              l - +6 ring of dexterity
MPRegen  0.15/turn              (no ring)

@: very slightly contaminated
A: no striking features
a: no special abilities


You were on level 4 of the Dungeon.
You visited 1 branch of the dungeon, and saw 4 of its levels.

You collected 134 gold pieces.

Inventory:

Hand Weapons
 a - a +0 dagger
 g - a +1 dagger of venom (weapon)
Missiles
 d - 61 stones (quivered)
 e - 61 arrows
 o - 30 bolts
 q - 15 poisoned darts
Armour
 b - a +0 robe (worn)
 c - a +0 hat (worn)
Jewellery
 l - a +6 ring of dexterity (left hand)
Scrolls
 i - 2 scrolls of identify {unknown}
 j - 2 scrolls of amnesia {unknown}
 k - 2 scrolls of blinking {unknown}
 m - a scroll of summoning {unknown}
 p - a scroll of fear {unknown}
 r - a scroll of enchant armour {unknown}
 s - a scroll of enchant weapon {unknown}
Potions
 f - a potion of haste {unknown}
 h - a potion of heal wounds {unknown}
 n - 2 potions of degeneration {unknown}


   Skills:
 + Level 2.6 Dodging
 * Level 3.8 Stealth
 * Level 7.0 Spellcasting
 + Level 2.0 Conjurations
 + Level 1.1 Summonings
 + Level 1.1 Translocations
 + Level 0.4 Fire Magic
 * Level 1.3 Air Magic
 * Level 0.7 Poison Magic


You had 7 spell levels left.
You knew the following spells:

 Your Spells              Type           Power      Damage    Failure   Level
a - Magic Dart            Conj           60%        1d6       4%          1
b - Blink                 Tloc           N/A        N/A       9%          2
c - Conjure Flame         Conj/Fire      12%        6-21      17%         3
d - Mephitic Cloud        Conj/Pois/Air  12%        N/A       16%         3
e - Call Imp              Summ           11%        N/A       9%          2

Your spell library contained the following spells:

 Spells                   Type           Power      Damage    Failure   Level
 Slow                     Hex            7%         N/A       14%         2


Dungeon Overview and Level Annotations

Branches:
Dungeon (4/15)
 Temple: D:4-7

Altars:

Shops:
D:1 ?


Message History

Your magical contamination has completely faded away.
You start resting.
Magic restored.
You start resting.
HP restored.
You now have 134 gold pieces (gained 17).
Things that are here:
a +0 flail; an orc skeleton
o - 30 bolts (gained 6)
Found a stone staircase leading down.
k - 2 scrolls labelled ADULIA OTICHI (gained 1)
s - a scroll labelled XESUNNA ALOER
Found a hand axe.
Found a plate armour.
An orc is nearby!
Casting: Magic Dart (safe; 4% risk of failure)
Confirm with . or Enter, or press ? or * to list all spells.
Aiming: Magic Dart (safe; 4% risk of failure)
Press: ? - help, Shift-Dir - straight line, f - orc
Aim: an orc, wielding a +0 dagger and wearing a +0 leather armour (wandering, hasn't noticed you, 100% to hit)
The magic dart hits the orc.
The orc is heavily wounded.
Casting: Magic Dart (safe; 4% risk of failure)
Confirm with . or Enter, or press ? or * to list all spells.
Aiming: Magic Dart (safe; 4% risk of failure)
Press: ? - help, Shift-Dir - straight line, f/p - orc
Aim: an orc, wielding a +0 dagger and wearing a +0 leather armour (heavily wounded, 100% to hit)
The magic dart hits the orc.
You kill the orc!
The steam dragon hisses angrily.
Casting: Magic Dart (safe; 4% risk of failure)
Confirm with . or Enter, or press ? or * to list all spells.
The spell is quite dangerous to cast (17% risk of failure)!
Continue anyway?
You miscast Conjure Flame.
You are very lightly contaminated with residual magic.
Nothing appears to happen.
The steam dragon breathes steam at you. The ball of steam hits you!!
Ouch! That really hurt!
You die...

.##...÷...##..##..#
...)..........##..##
.##.......###.##...#
.##.#...#.###.##.#.#
.##.##.##........#.#
.##.##.######.####.#
.##.##.# #.# #.#
.##.# .######.####.#
.##.# ..[.......@§§#
.#
......).####.§..D..
.######## ..###.#
..# ... )... ....#
...## ##


There were no monsters in sight!

Vanquished Creatures
  A scorpion (D:4)
  A hound skeleton (D:2)
  A howler monkey zombie (D:4)
  3 gnolls (D:2)
  3 adders
  An adder skeleton (D:2)
  A worm (D:2)
  2 dart slugs
  2 orcs (D:4)
  6 bats
  3 bat zombies (D:2)
  5 endoplasms
  7 giant cockroaches
  9 goblins
  4 hobgoblins
  2 jackals (D:2)
  2 kobolds
  4 quokkas
  6 ball pythons
  A ball python zombie (D:2)
  A frilled lizard (D:1)
  2 rats (D:1)
67 creatures vanquished.

Vanquished Creatures (others)
  A plant (D:1)
  5 withered plants
6 creatures vanquished.

Grand Total: 73 creatures vanquished

Notes
Turn   | Place    | Note
-------+----------+-------------------------------------------
     0 | D:1      | bobarctor the Deep Elf Hedge Wizard began the quest for the
                  | Orb.
     0 | D:1      | Reached XP level 1. HP: 10/10 MP: 7/7
   284 | D:1      | Found a faded altar of an unknown god.
   337 | D:1      | Reached XP level 2. HP: 15/15 MP: 7/9
   340 | D:1      | Learned a level 2 spell: Blink
   391 | D:1      | Reached skill level 5 in Spellcasting
   627 | D:1      | Found Vokawe's Magic Scroll Boutique.
   973 | D:2      | Reached XP level 3. HP: 19/19 MP: 12/12
   980 | D:1      | Learned a level 3 spell: Conjure Flame
   984 | D:1      | Learned a level 3 spell: Mephitic Cloud
   987 | D:1      | Learned a level 2 spell: Call Imp
  1218 | D:2      | Upgraded the game from 0.27-a0-1137-g3ef0f4ec91 to
                  | 0.27-a0-1191-g601b473118
  1297 | D:2      | Reached skill level 6 in Spellcasting
  1313 | D:2      | Reached XP level 4. HP: 19/24 MP: 2/14
  3046 | D:4      | Noticed a black bear
  3051 | D:4      | Noticed a steam dragon
  3359 | D:4      | Noticed a scorpion
  3366 | D:4      | Killed a scorpion
  3367 | D:4      | Reached skill level 7 in Spellcasting
  3367 | D:4      | Reached XP level 5. HP: 28/28 MP: 11/16
  3678 | D:4      | Reached skill level 1 in Air Magic
  3818 | D:4      | Killed from afar by a steam dragon

Illustrated notes

Levels and vault maps discovered:
D:1:      lemuel_arrival_river_ford, layout_loops_ring,
          shapermc_ecumenical_altar_flowoftime, serial_shops, shop
D:2:      layout_loops_ring, serial_undead, serial_undead_a, serial_undead_e,
          serial_undead_d, serial_undead_a
D:3:      layout_basic
D:4:      layout_loops_ring

Skill      XL: |  1  2  3  4  5 |
---------------+----------------+-----
Spellcasting   | 5 6 7 |  7.0
Stealth        | 3 |  3.8
Conjurations   | 2 |  2.0
Air Magic      | 1 |  1.3
Dodging        | |  2.6
Summonings     | |  1.1
Translocations | |  1.1
Fire Magic     | |  0.4
Poison Magic   | |  0.7

Action                   |  1- 3 |  4- 6 || total
-------------------------+-------+-------++-------
Melee: Dagger            |    44 |    61 ||   105
 Cast: Magic Dart        |    51 |    58 ||   109
       Conjure Flame     |     3 |     1 ||     4
       Mephitic Cloud    |     1 |     3 ||     4
       Blink             |     1 |       ||     1
 Stab: Sleeping          |     4 |     2 ||     6
       Confused          |       |     1 ||     1
Armor: Robe              |     1 |     9 ||    10
Dodge: Dodged            |    16 |    50 ||    66

Table legend: (Time is in decaauts)
 A = Elapsed time spent in this place.
 B = Non-inter-level travel time spent in this place.
 C = Inter-level travel time spent in this place.
 D = Time resting spent in this place.
 E = Time spent auto-exploring this place.
 F = Levels seen in this place.
 G = Mean time per level.
                   A        B        C        D        E       F      G
               +--------+--------+--------+--------+--------+-----+--------+
         Total |   3826 |   3774 |     52 |   1282 |   1912 |   4 |  956.5 |
       Dungeon |   3826 |   3774 |     52 |   1282 |   1912 |   4 |  956.5 |
               +--------+--------+--------+--------+--------+-----+--------+

Top non-repeatable levels by time:
     D:2: 1338 daAuts
     D:3: 1224 daAuts
     D:1: 988 daAuts
     D:4: 275 daAuts
